 Dungeon Crawl Stone Soup version 0.22-a0-254-gaf95ca0ccb (webtiles) character file.

27883 Peterchen the Severer (level 13, -12/95 HPs)
             Began as a Minotaur Berserker on Mar 4, 2018.
             Was a High Priest of Trog.
             Mangled by an enormous slime creature (59 damage)
             ... on level 14 of the Dungeon.
             The game lasted 00:37:29 (13530 turns).

Peterchen the Severer (Minotaur Berserker)         Turns: 13530, Time: 00:37:30

Health: -12/95     AC: 26    Str: 30    XL:     13   Next: 6%
Magic:  0/4        EV:  9    Int:  4    God:    Trog [*****.]
Gold:   609        SH:  0    Dex: 11    Spells: 12/12 levels left

rFire    . . .     SeeInvis .   I - +2 executioner's axe (antimagic)
rCold    + . .     Gourm    .   (shield currently unavailable)
rNeg     . . .     Faith    .   B - +0 plate armour of Shielding {rC+ Slay+2}
rPois    .         Spirit   +   (helmet restricted)
rElec    .         Reflect  .   H - +2 cloak
rCorr    .         Harm     .   h - +1 pair of gloves
MR       .....                  v - +0 pair of boots
Stlth    ..........             J - amulet of guardian spirit
HPRegen  0.25/turn              u - +4 ring of strength
MPRegen  0.09/turn              (no ring)

@: berserk cooldown, slowed, very slow
A: retaliatory headbutt, horns 2
a: Berserk, Trog's Hand, Brothers in Arms, Renounce Religion


You were on level 14 of the Dungeon.
You worshipped Trog.
Trog was extremely pleased with you.
You were not hungry.

You visited 1 branch of the dungeon, and saw 14 of its levels.

You collected 684 gold pieces.
You spent 75 gold pieces at shops.

Inventory:

Hand Weapons
 I - a +2 antimagic executioner's axe (weapon)
Armour
 h - a +1 pair of gloves (worn)
 v - a +0 pair of boots (worn)
 B - the +0 plate armour of Shielding (worn) {rC+ Slay+2}
   (You found it on level 6 of the Dungeon)

   It affects your accuracy and damage with ranged weapons and melee attacks
   (+2).
   It protects you from cold.
 H - a +2 cloak (worn)
Jewellery
 u - a +4 ring of strength (left hand)
 J - an amulet of guardian spirit (around neck)
 L - a +1 ring of evasion {unknown}
Wands
 o - a wand of paralysis (26)
 y - a wand of clouds (10)
 z - a wand of polymorph (16)
 C - a wand of acid (18)
 F - a wand of random effects (45)
 M - a wand of digging (12)
Scrolls
 f - 2 scrolls of fog
 i - 2 scrolls of enchant weapon
 j - 3 scrolls of fear
 k - 4 scrolls of immolation
 l - 5 scrolls of teleportation
 n - 3 scrolls of magic mapping
 p - 11 scrolls of remove curse
 r - a scroll of blinking
 s - a scroll of summoning
 t - 2 scrolls of noise
 G - 4 scrolls of enchant armour
 K - a scroll of torment {unknown}
Potions
 a - 3 potions of degeneration
 d - 4 potions of mutation
 e - 3 potions of agility
 g - a potion of resistance
 m - 3 potions of flight
 q - 2 potions of brilliance {unknown}
 w - a potion of berserk rage {unknown}
 x - 4 potions of curing {unknown}
 A - 3 potions of heal wounds
 D - 4 potions of might {unknown}
 E - 2 potions of cancellation {unknown}
Comestibles
 b - 7 chunks of flesh
 c - 32 rations


   Skills:
 - Level 3.6 Fighting
 - Level 18.2 Axes
 * Level 17.2 Armour
 - Level 2.1 Dodging


You had 12 spell levels left.
You didn't know any spells.

Dungeon Overview and Level Annotations

Branches:
Dungeon (14/15)            Temple (0/1) D:7            Lair (0/6) D:11
    Orc (0/2) D:10         Vaults (0/5) D:14

Altars:
Gozag
Uskayaw

Shops:
D:5 !   D:8 :   D:10 (   D:14 :


Innate Abilities, Weirdness & Mutations

You reflexively headbutt those who attack you in melee.
You have a pair of horns on your head.


Message History

A slime creature comes into view.
You barely miss the slime creature.
The slime creature hits you but does no damage.
Two slime creatures merge to form a large slime creature.
A slime creature comes into view.
You barely miss the large slime creature.
You headbutt the large slime creature!
The large slime creature is lightly wounded.
Two slime creatures merge to form a very large slime creature.
A slime creature comes into view.
The slime creature quivers.
You slash the very large slime creature!
Your headbutt misses the very large slime creature.
The very large slime creature is lightly wounded.
Two slime creatures merge to form an enormous slime creature.
You hit the enormous slime creature.
The enormous slime creature is lightly wounded.
The enormous slime creature hits you!!! x2
Ouch! That really hurt!
You die...

....'.....#.#.##.# ..#.#
.⌠}.'..⌠..#.#.##.# #. .#
....'.....#)#.##.# #. .#
....#[....#÷#.##.#
#####[)''##)#.#..#
..........[.#.#.##
###...........#.#
##.#.###.######†########
## ...#.# #.#
#..@....... .. .#.#.#
#.# #..#J##.### .#
##.#.# #.# #..#<# ## .#
#.#o# #.. ....... ..# .#
#.#o# ## ###..#.##
#.##.# #.#.# #..#.#
#.#.<. #.#.# #.....
#.#..# #.#.# ##. ..
#.#)## ##.#.#
#.####.#)##


You could see an enormous slime creature.

Vanquished Creatures
  2 vault guards
  2 hydras
  A centaur warrior (D:14)
  3 two-headed ogres
  An unseen horror (D:14)
  A wizard (D:14)
  A deep elf mage (D:9)
  A necromancer (D:14)
  3 manticores
  2 ugly things (D:13)
  2 cyclopes (D:12)
  Maurice (D:9)
  A centaur zombie (D:11)
  A centaur skeleton (D:12)
  A gargoyle (D:14)
  2 kobold demonologists
  2 trolls
  Prince Ribbit (D:7)
  A hornet (D:6)
  7 slime creatures (D:14)
  5 hippogriffs
  A shadow (D:11)
  A spriggan (D:9)
  A water elemental (D:13)
  Sigmund (D:2)
  8 yaks
  A wyvern (D:14)
  A wraith (D:13)
  17 humans (D:14)
  A hog (shapeshifter) (D:12)
  2 hungry ghosts
  Grum (D:10)
  A steam dragon (D:13)
  7 orc warriors
  4 sky beasts
  2 ice beasts
  A necrophage (D:12)
  3 phantoms
  13 centaurs
  A black bear (D:6)
  4 ogres
  2 wolves (D:10)
  A crocodile (D:8)
  A big kobold (D:12)
  10 bullfrogs
  A wyvern skeleton (D:7)
  4 scorpions
  5 killer bees (D:9)
  9 wights
  3 electric eels (D:13)
  A howler monkey (D:10)
  7 crimson imps
  A quasit (D:9)
  8 hounds
  3 jellies
  11 orc priests
  11 orc wizards
  4 iguanas
  Natasha (twice) (D:2)
  10 worker ants
  Robin (D:2)
  2 gnolls
  17 adders
  4 shadow imps
  An adder skeleton (D:5)
  3 worms
  A dart slug (D:3)
  4 leopard geckos
  48 orcs
  2 ball pythons
  3 giant cockroaches
  15 goblins
  9 hobgoblins
  5 jackals
  5 quokkas
  5 bats
  2 frilled lizards
  A jackal skeleton (D:4)
  8 kobolds
  2 leopard gecko skeletons
  A quokka skeleton (D:7)
  5 rats
350 creatures vanquished.

Vanquished Creatures (collateral kills)
  The ghost of Peterchen the Executioner, a journeyman MiBe of Trog (D:14)
  A necromancer (D:13)
  A cyclops (D:11)
  A crimson imp (D:11)
4 creatures vanquished.

Vanquished Creatures (others)
  A hydra (D:12)
  A komodo dragon (D:13)
  4 plants (D:13)
6 creatures vanquished.

Grand Total: 360 creatures vanquished

Notes
Turn   | Place    | Note
-------+----------+-------------------------------------------
     0 | D:1      | Peterchen the Minotaur Berserker began the quest for the Orb.
     0 | D:1      | Reached XP level 1. HP: 19/19 MP: 0/0
   109 | D:1      | Reached skill level 4 in Axes
   260 | D:1      | Reached XP level 2. HP: 25/26 MP: 1/1
   624 | D:1      | Found an opulent altar of Gozag.
   756 | D:2      | Noticed Sigmund
   771 | D:2      | HP: 1/39 [something (3)]
   772 | D:2      | Killed Sigmund
   772 | D:2      | Reached skill level 7 in Axes
   772 | D:2      | Reached XP level 3. HP: 2/31 MP: 2/2
   772 | D:2      | Reached XP level 4. HP: 2/39 MP: 3/3
   772 | D:2      | Reached XP level 5. HP: 2/45 MP: 4/4
  1263 | D:2      | Noticed Robin
  1272 | D:2      | Killed Robin
  1274 | D:2      | Reached ** piety under Trog
  1364 | D:2      | Noticed Natasha
  1371 | D:2      | Killed Natasha
  1371 | D:2      | Reached skill level 8 in Axes
  1763 | D:2      | Noticed Natasha
  1776 | D:2      | Killed Natasha
  1776 | D:2      | Reached XP level 6. HP: 44/51 MP: 5/5
  2353 | D:3      | Reached skill level 9 in Axes
  2606 | D:4      | Reached *** piety under Trog
  2650 | D:4      | Reached XP level 7. HP: 57/57 MP: 6/6
  2924 | D:4      | Reached skill level 10 in Axes
  3198 | D:5      | Entered Level 5 of the Dungeon
  3619 | D:5      | Reached skill level 11 in Axes
  3788 | D:5      | Found Ymiox's Distillery.
  3803 | D:5      | Bought a potion of heal wounds for 75 gold pieces
  3927 | D:6      | Reached XP level 8. HP: 64/64 MP: 7/7
  3947 | D:6      | Got a polished plate armour
  3958 | D:6      | Identified the +0 plate armour of Shielding {rC+ Slay+2} (You found it on level 6 of the Dungeon)
  4024 | D:6      | Reached **** piety under Trog
  4054 | D:6      | Reached skill level 12 in Axes
  4082 | D:6      | Noticed a hornet
  4084 | D:6      | Paralysed by a hornet for 1 turns
  4090 | D:6      | Killed a hornet
  4090 | D:6      | Reached skill level 13 in Axes
  4475 | D:6      | Found a hide-covered altar of Uskayaw.
  4819 | D:7      | Found a staircase to the Ecumenical Temple.
  5010 | D:7      | Reached XP level 9. HP: 67/70 MP: 8/8
  5040 | D:7      | Reached skill level 14 in Axes
  5508 | D:7      | Noticed Prince Ribbit
  6106 | D:7      | Killed Prince Ribbit
  6505 | D:8      | Reached skill level 15 in Axes
  6707 | D:8      | Noticed a two-headed ogre
  6715 | D:8      | Killed a two-headed ogre
  6715 | D:8      | Reached skill level 16 in Axes
  6872 | D:8      | Reached XP level 10. HP: 60/77 MP: 9/9
  7147 | D:8      | Found Lonuru's Book Emporium.
  7248 | D:8      | Reached ***** piety under Trog
  7375 | D:9      | Received a gift from Trog
  7415 | D:9      | Noticed Maurice
  7424 | D:9      | Killed Maurice
  7530 | D:9      | Noticed a deep elf mage
  7561 | D:9      | Reached skill level 17 in Axes
  7571 | D:9      | Killed a deep elf mage
  7803 | D:9      | Reached skill level 18 in Axes
  8104 | D:10     | Entered Level 10 of the Dungeon
  8163 | D:10     | Noticed Grum
  8185 | D:10     | Killed Grum
  8422 | D:10     | Found a staircase to the Orcish Mines.
  8450 | D:10     | Reached skill level 5 in Armour
  8679 | D:10     | Reached XP level 11. HP: 79/82 MP: 10/10
  8783 | D:10     | Found Netuso's Antique Weapon Boutique.
  9463 | D:11     | Found a staircase to the Lair.
  9895 | D:12     | Noticed a six-headed hydra
  9904 | D:12     | Killed a ten-headed hydra
  9904 | D:12     | Reached skill level 10 in Armour
 10247 | D:12     | Received a gift from Trog
 10332 | D:12     | Noticed a two-headed ogre
 10378 | D:12     | Noticed a six-headed hydra
 10382 | D:12     | Banished a seven-headed hydra
 10690 | D:12     | Paralysed by fainting for 9 turns
 10840 | D:13     | Noticed a green ugly thing
 10871 | D:13     | Killed a green ugly thing
 10911 | D:13     | Noticed a four-headed hydra
 11051 | D:13     | Noticed a two-headed ogre
 11057 | D:13     | Killed a two-headed ogre
 11079 | D:13     | Killed a ten-headed hydra
 11079 | D:13     | Reached XP level 12. HP: 46/90 MP: 6/11
 11391 | D:13     | Noticed a two-headed ogre
 11398 | D:13     | Killed a two-headed ogre
 12022 | D:14     | Noticed Peterchen's ghost (journeyman MiBe)
 12034 | D:14     | Found Tauq's Book Boutique.
 12041 | D:14     | HP: 1/90 [Peterchen's ghost (8)]
 12042 | D:14     | Killed Peterchen's ghost
 12322 | D:14     | Noticed a centaur warrior
 12328 | D:14     | Killed a centaur warrior
 12342 | D:14     | Paralysed by fainting for 11 turns
 12413 | D:14     | Reached skill level 15 in Armour
 12708 | D:14     | Received a gift from Trog
 13150 | D:14     | Noticed a vault guard
 13151 | D:14     | Noticed a vault guard
 13188 | D:13     | Killed a vault guard
 13455 | D:14     | Found a gate to the Vaults.
 13504 | D:14     | Killed a vault guard
 13504 | D:14     | Reached XP level 13. HP: 95/95 MP: 4/12
 13530 | D:14     | Mangled by an enormous slime creature

Vault maps used:
D:1:      dpeg_arrival_lava_altar, hangedman_decor_lopped
D:2:      uniq_robin, uniq_sigmund, uniq_natasha
D:3:      st_stairs_1
D:4:      first_ration, cheibrodos_gnoll_hut
D:5:      serial_shops, shop_fountains
D:6:      eat_drink_and_be_merry_uskayaw
D:7:      minmay_temple_entry_from_below_b, uniq_prince_ribbit1
D:8:      serial_shops, kennysheep_mini
D:9:      the_bakery, uniq_maurice
D:10:     orc_0_dummy, serial_shops, nicolae_shop_behind_doors, uniq_grum
D:11:     lair_entry_dummy
D:13:     serial_bayou_lake_a
D:14:     grunt_vaults_entry_tiered, minmay_misc_feat_rows, serial_shops,
          nicolae_shop_behind_doors

Skill      XL: |  1  2  3  4  5  6  7  8  9 10 11 12 |
---------------+-------------------------------------+-----
Axes           | 4 7 8 9 11 13 16 18 | 18.2
Armour         | 5 13 17 | 17.2
Fighting       | |  3.6
Dodging        | |  2.1

Action                   |  1- 3 |  4- 6 |  7- 9 | 10-12 | 13-15 || total
-------------------------+-------+-------+-------+-------+-------++-------
Melee: Hand axe          |    41 |   126 |       |       |       ||   167
       Headbutt          |     3 |    26 |    41 |   105 |     5 ||   180
       War axe           |       |    21 |    84 |       |       ||   105
       Broad axe         |       |       |   191 |   271 |       ||   462
       Battleaxe         |       |       |       |   167 |       ||   167
       Executioner's axe |       |       |       |    75 |    12 ||    87
Invok: Berserk           |     1 |     1 |     9 |    10 |       ||    21
       Brothers in Arms  |       |       |       |     3 |       ||     3
       Trog's Hand       |       |       |       |     1 |       ||     1
  Use: Scroll            |       |     7 |     5 |     7 |       ||    19
       Potion            |       |       |       |     1 |       ||     1
 Stab: Sleeping          |     1 |     1 |       |       |       ||     2
  Eat: Chunk             |       |     7 |    14 |    26 |     1 ||    48
       Ration            |       |       |     2 |     2 |       ||     4
Armor: Animal skin       |     5 |    10 |       |       |       ||    15
       Scale mail        |       |    20 |    13 |       |       ||    33
       Chain mail        |       |       |    12 |       |       ||    12
       Plate armour      |       |       |    79 |   330 |     9 ||   418
Dodge: Dodged            |    19 |    59 |    42 |   179 |     7 ||   306
Block: Shield            |       |    51 |    80 |       |       ||   131
       Buckler           |       |       |     3 |    55 |       ||    58

Table legend:
 A = Spawn XP
 B = Non-spawn XP
 C = Spawn XP percentage of total XP
 D = Spawn monster count
 E = Non-spawn monster count
 F = Spawn count percentage of total count
 G = Total turns spent on level
                    A         B        C        D         E        F      G
               +---------+---------+-------+---------+---------+-------+---------
         Total |       0 |   39834 |   0.0 |       0 |     356 |   0.0 | 13530
               +---------+---------+-------+---------+---------+-------+---------
           D:1 |       0 |      16 |   0.0 |       0 |      12 |   0.0 |   674
           D:2 |       0 |     406 |   0.0 |       0 |      38 |   0.0 |  1303
           D:3 |       0 |     241 |   0.0 |       0 |      24 |   0.0 |   506
           D:4 |       0 |     328 |   0.0 |       0 |      16 |   0.0 |   715
           D:5 |       0 |     314 |   0.0 |       0 |      13 |   0.0 |   722
           D:6 |       0 |    1181 |   0.0 |       0 |      18 |   0.0 |   811
           D:7 |       0 |    1110 |   0.0 |       0 |      21 |   0.0 |  1411
           D:8 |       0 |    2000 |   0.0 |       0 |      27 |   0.0 |  1175
           D:9 |       0 |    4078 |   0.0 |       0 |      35 |   0.0 |   787
          D:10 |       0 |    1521 |   0.0 |       0 |      24 |   0.0 |   909
          D:11 |       0 |    2450 |   0.0 |       0 |      13 |   0.0 |   754
          D:12 |       0 |    5465 |   0.0 |       0 |      33 |   0.0 |  1056
          D:13 |       0 |    7855 |   0.0 |       0 |      35 |   0.0 |  1385
          D:14 |       0 |   12869 |   0.0 |       0 |      47 |   0.0 |  1322
               +---------+---------+-------+---------+---------+-------+---------
